 Dungeon Crawl Stone Soup version 0.29-a0-723-gce39da1c22 (webtiles) character file.

Game seed: 8831149412333306576

208 gobodom the Chopper (level 5, -5/49 HPs)
             Began as a Troll Gladiator on June 28, 2022.
             Killed by nerve-wracking pain
             ... invoked by Grinder
              (13 damage)
             ... on level 3 of the Dungeon.
             The game lasted 00:06:46 (1845 turns).

gobodom the Chopper (Troll Gladiator)               Turns: 1845, Time: 00:06:47

Health: -5/49      AC:  5    Str: 22    XL:     5   Next: 55%
Magic:  4/4        EV: 10    Int:  6    God:
Gold:   152        SH:  0    Dex: 11    Spells: 4/4 levels left

rFire   . . .      SeeInvis .   r - +2 dagger (venom)
rCold   . . .      Faith    .   (no shield)
rNeg    . . .      Spirit   .   b - +0 robe
rPois   .          Reflect  .   c - +0 hat
rElec   .          Harm     .   i - +0 cloak
rCorr   .          Rampage  .   (gloves unavailable)
Will    .....                   (boots unavailable)
Stlth   +.........              m - amulet of the acrobat
HPRegen 0.96/turn               (no ring)
MPRegen 0.09/turn               (no ring)

@: no status effects
A: large, unfitting armour, claws 3, regeneration 1, shaggy fur 1, tough skin 1
a: no special abilities


You were on level 3 of the Dungeon.
You visited 1 branch of the dungeon, and saw 3 of its levels.

You collected 152 gold pieces.

Inventory:

Hand Weapons
 a - a +0 war axe
 r - a +2 dagger of venom (weapon)
Missiles
 d - a throwing net
 x - 4 poisoned darts (quivered)
Armour
 b - a +0 robe (worn)
 c - a +0 hat (worn)
 i - a +0 cloak (worn)
Jewellery
 m - an amulet of the acrobat (around neck)
Wands
 p - a wand of polymorph (2)
 y - a wand of light (3)
Scrolls
 f - 3 scrolls of poison {unknown}
 g - 4 scrolls of teleportation {unknown}
 j - 5 scrolls of identify {unknown}
 n - a scroll of summoning {unknown}
 t - 2 scrolls of immolation {unknown}
 v - a scroll of noise {unknown}
Potions
 h - a potion of might {unknown}
 k - 2 potions of haste
 l - a potion of flight {unknown}
 o - 2 potions of curing {unknown}
 q - a potion of berserk rage {unknown}
 s - 3 potions of brilliance {unknown}
 u - a potion of degeneration {unknown}
 w - a potion of resistance {unknown}


   Skills:
 + Level 2.1 Fighting
 + Level 0.4 Short Blades
 + Level 4.1 Axes
 + Level 1.9 Throwing
 + Level 3.2 Dodging
 + Level 0.6 Stealth


You had 4 spell levels left.
You didn't know any spells.
Your spell library contained the following spells:

 Spells                   Type           Power      Damage    Failure   Level
 Gell's Gravitas          Tloc           0%         N/A       83%         3
 Lesser Beckoning         Tloc           0%         N/A       83%         3
 Teleport Other           Tloc           0%         N/A       83%         3


Dungeon Overview and Level Annotations

Branches:
Dungeon (3/15)

Altars:
Fedhas
Sif Muna
Zin

Annotations:
D:3 3 runed translucent doors, Grinder; riojii's ghost, amateur MiFi


Innate Abilities, Weirdness & Mutations

You are too large for most types of armour.
You have claws for hands.
Your natural rate of healing is unusually fast.
You are covered in fur. (AC +1)
You have tough skin. (AC +1)


Message History

You closely miss Grinder.
Grinder is severely wounded.
Grinder hits you.
* * * LOW HITPOINT WARNING * * *
You writhe in agony.
* * * LOW HITPOINT WARNING * * *
You are too injured to fight recklessly!
Throw: 3 throwing nets
Press: ? - help, Q - select action, (/) - cycle Shift-Dir - straight line, f/p - Grinder
Aim: Grinder (severely wounded, very poisoned, 52% to hit)
You throw a throwing net.
The throwing net closely misses Grinder.
Grinder blinks!
Throw: 2 throwing nets
Press: ? - help, Q - select action, (/) - cycle Shift-Dir - straight line, f/p - Grinder
Aim: Grinder (severely wounded, very poisoned, 52% to hit)
You throw a throwing net.
The throwing net closely misses Grinder.
Grinder gestures at you.
You barely resist. You closely miss Grinder.
Grinder is almost dead.
Grinder hits you.
* * * LOW HITPOINT WARNING * * *
You writhe in agony.
* * * LOW HITPOINT WARNING * * *
You closely miss Grinder.
Grinder is almost dead.
Grinder blinks!
Grinder gestures at you.
You barely resist.
Throw: 5 darts (poison)
Press: ? - help, Q - select action, (/) - cycle Shift-Dir - straight line, f/p - Grinder
Aim: Grinder (almost dead, very poisoned, 52% to hit)
You throw a poisoned dart. The poisoned dart hits Grinder.
Grinder looks even sicker.
Grinder is almost dead.
Grinder gestures at you. Pain shoots through your body!
You die...

### ####.#
#.#....... #######
#.# #.^..._...
......#
#.#####.#.......
#####.#
#.#.....#....... #
#.#
##....##.#.......
### #.#
##.#...##.####.###
..# #.#
##.###..##.........
#.# #.#
#......5.......####
#.# #.#
##@#.#.###...#.# #
#.# #.# #.....#
##..#.# # #.# #.#
#.#.#.####..#.# #
#.###.#
#.#.#..<......####
......#
#.#.######........
#.##### #.#(..#
##.###### #.#
##.###.# #.# ..#
### #...##.## ###
### ### #..
.........# .#.#.##


You could see Grinder (very poisoned).

Vanquished Creatures
  Jessica (D:2)
  Natasha (thrice) (D:3)
  Robin (D:2)
  4 adders
  An orc (D:3)
  5 endoplasms
  4 giant cockroaches
  9 goblins
  11 hobgoblins
  2 jackals (D:3)
  2 quokkas
  4 ball pythons
  3 bats (D:2)
  2 frilled lizards
  4 kobolds
  A rat (D:1)
57 creatures vanquished.

Vanquished Creatures (others)
  2 fungi (D:1)
2 creatures vanquished.

Grand Total: 59 creatures vanquished

Notes
Turn   | Place    | Note
-------+----------+-------------------------------------------
     0 | D:1      | gobodom the Troll Gladiator began the quest for the Orb.
     0 | D:1      | Reached XP level 1. HP: 19/19 MP: 0/0
   275 | D:1      | Reached XP level 2. HP: 28/28 MP: 1/1
   467 | D:1      | Found a faded altar of an unknown god.
   810 | D:2      | Reached XP level 3. HP: 24/35 MP: 2/2
   812 | D:2      | Reached skill level 3 in Axes
   962 | D:2      | Noticed Robin
   987 | D:2      | Noticed Jessica
  1027 | D:2      | Killed Robin
  1027 | D:2      | Killed Jessica
  1028 | D:2      | Reached XP level 4. HP: 38/42 MP: 3/3
  1295 | D:3      | Noticed Natasha
  1303 | D:3      | Killed Natasha
  1304 | D:3      | Reached XP level 5. HP: 39/49 MP: 4/4
  1382 | D:3      | Reached skill level 4 in Axes
  1397 | D:3      | Found a shimmering blue altar of Sif Muna.
  1463 | D:3      | Noticed Natasha
  1470 | D:3      | Killed Natasha
  1491 | D:3      | Noticed Natasha
  1516 | D:3      | Killed Natasha
  1606 | D:3      | Found a blossoming altar of Fedhas.
  1749 | D:3      | Found a glowing silver altar of Zin.
  1763 | D:3      | Found a runed translucent gate.
  1763 | D:3      | Found a runed translucent gate.
  1764 | D:3      | Found a runed translucent gate.
  1770 | D:3      | Noticed riojii's ghost (amateur MiFi)
  1814 | D:3      | Noticed Grinder
  1822 | D:3      | Paralysed by Grinder for 3 turns
  1845 | D:3      | Killed from afar by Grinder

Illustrated notes

Levels and vault maps discovered:
D:1:      minmay_arrival_pointy, layout_loops_cross,
          dreamdust_ecumenical_altar_hidden_monk_grotto
D:2:      layout_rooms, uniq_jessica, uniq_robin
D:3:      layout_loops_ring, lemuel_tele_altar, mainiacjoe_overflow_catwalk,
          zin_scriptorium, gammafunk_ghost_necromancy, uniq_natasha,
          uniq_grinder, uniq_ijyb

Skill      XL: |  1  2  3  4  5 |
---------------+----------------+-----
Axes           | 3 4 |  4.1
Dodging        | 3 |  3.2
Fighting       | 2 |  2.1
Short Blades   | |  0.4
Throwing       | |  1.9
Stealth        | |  0.6

Action                   |  1- 3 |  4- 6 || total
-------------------------+-------+-------++-------
Melee: War axe           |    64 |       ||    64
       Dagger            |       |    74 ||    74
Throw: Large rock        |       |     2 ||     2
       Throwing net      |       |     2 ||     2
       Dart              |       |     1 ||     1
 Stab: Sleeping          |     2 |       ||     2
Armor: Robe              |    40 |    15 ||    55
Dodge: Dodged            |    73 |    45 ||   118

Table legend: (Time is in decaauts)
 A = Elapsed time spent in this place.
 B = Non-inter-level travel time spent in this place.
 C = Inter-level travel time spent in this place.
 D = Time resting spent in this place.
 E = Time spent auto-exploring this place.
 F = Levels seen in this place.
 G = Mean time per level.
                   A        B        C        D        E       F      G
               +--------+--------+--------+--------+--------+-----+--------+
         Total |   1876 |   1788 |     88 |      5 |   1140 |   3 |  625.3 |
       Dungeon |   1876 |   1788 |     88 |      5 |   1140 |   3 |  625.3 |
               +--------+--------+--------+--------+--------+-----+--------+

Top non-repeatable levels by time:
     D:1: 782 daAuts
     D:3: 597 daAuts
     D:2: 497 daAuts
